Match 45488953
Unlisted

Match 45488953
End
Scout Squad
Construct Barracks
1⁄4-ton 4x4 Truck
Selects Armored Battlegroup
Selects Veteran Crews
M1 Mortar Team
Riflemen Squad
Construct Medical Station
Mechanized Support Center
Riflemen Squad
Riflemen Squad
Grenade Package
Construct Motor Pool
M3 75 mm Gun Motor Carriage
Designate Forward Repair Station
Riflemen Squad
M3 75 mm Gun Motor Carriage
Selects Field Repairs
Selects War Machine
Riflemen Squad
Riflemen Squad
M16 Multiple Gun Motor Carriage
Engineer Squad
M24 Chaffee Light Tank
M24 Chaffee Light Tank
Ursa Major
Nap
Carius
drchrnshv
0
0

Comments sign in to comment!

No comments posted yet!